 Dungeon Crawl Stone Soup version 0.31-a0-819-gf6de2f5ab6 (webtiles) character file.

Game seed: 17480973559912367980

1549 avis the Scratcher (level 8, 0/35 (36) HPs)
             Began as a Felid Shapeshifter on Sept 24, 2023.
             Constricted to death by Jeremiah (9 damage)
             ... on level 6 of the Dungeon.
             The game lasted 00:37:41 (6158 turns).

avis the Scratcher (Felid Shapeshifter)             Turns: 6158, Time: 00:37:41

HP:   0/35 (36)     AC:  2    Str: 12    XL:     8   Next: 57%
MP:   9/9           EV: 25    Int: 11    God:
Gold: 359           SH:  0    Dex: 22    Spells: 7/7 levels left
                                        Lives: 0   Deaths: 3

rFire   . .          .
                       - Unarmed
rCold   . . .        (shield unavailable)
rNeg    . . .        (body armour unavailable)
rPois   .            (helmet unavailable)
rElec   .            (cloak unavailable)
rCorr   .            (gloves unavailable)
SInv    +            (boots unavailable)
Will    +....        (no amulet)
Stlth   +++          l - +5 ring of evasion
HPRegen 0.25/turn    w - +6 ring of dexterity
MPRegen 0.11/turn

%: no passive effects
@: beast-form, grasped by roots, hasted, constricted, lightly drained, very
quick
A: beast (slay +3), very small, claws 1, fangs 3, see invisible, speed 1, shaggy
fur 2, stealthy paws, no weapons or thrown items, no armour, multi-lived
a: Begin Untransformation


You were on level 6 of the Dungeon.
You were a hulking beast.
You visited 2 branches of the dungeon, and saw 8 of its levels.

You collected 359 gold pieces.

Inventory:

Jewellery
 a - a +6 ring of intelligence
 d - an amulet of faith
 l - a +5 ring of evasion (left paw)
 u - a ring of protection from cold
 w - a +6 ring of dexterity (right paw)
Talismans
 b - a beast talisman (active)
 c - a flux talisman
 t - a maw talisman
Wands
 y - a wand of flame (10)
Scrolls
 e - 5 scrolls of enchant armour {unknown}
 f - 10 scrolls of identify {unknown}
 h - 2 scrolls of silence {unknown}
 p - 2 scrolls of fog {unknown}
 q - a scroll of amnesia {unknown}
 r - a scroll of teleportation {unknown}
 s - a scroll of blinking {unknown}
 B - a scroll of noise {unknown}
Potions
 g - a potion of attraction {unknown}
 i - 2 potions of enlightenment {unknown}
 j - a potion of might {unknown}
 k - a potion of brilliance {unknown}
 o - a potion of mutation {unknown}
 v - a potion of berserk rage {unknown}
 x - 2 potions of degeneration {unknown}
 z - a potion of invisibility {unknown}
 A - a potion of ambrosia {unknown}


   Skills:
 * Level 4.6 Fighting
 - Level 7.0 Dodging
 - Level 5.0 Stealth
 - Level 7.0 Unarmed Combat
 - Level 5.3 Shapeshifting


You had 7 spell levels left.
You didn't know any spells.
Your spell library contained the following spells:

 Spells                   Type           Power      Damage    Failure   Level
 Summon Small Mammal      Summ           0%         N/A       34%         1
 Call Canine Familiar     Summ           0%         N/A       71%         3
 Summon Guardian Golem    Hex/Summ       0%         N/A       71%         3
 Chain Lightning          Conj/Air       0%         N/A       100%        9
 Fire Storm               Conj/Fire      0%         5d1       100%        9
 Shatter                  Erth           0%         3d5*      100%        9


Dungeon Overview and Level Annotations

Branches:
Dungeon (7/15)             Temple (1/1) D:6

Altars:
Ashenzari
Cheibriados
Dithmenos
Elyvilon
Fedhas
Hepliaklqana
Kikubaaqudgha
Nemelex Xobeh
Okawaru
Qazlal
Ru
Sif Muna
Trog
Vehumet
Yredelemnul
Zin
The Shining One

Shops:
D:3 (

Annotations:
D:5 2 transporters, Sundig's ghost, amateur DgFi
D:6 Jeremiah


Innate Abilities, Weirdness & Mutations

You are a hulking beast.
Your limbs bulge with bestial killing power. (Slay +3)
You have sharp claws.
You have razor-sharp teeth.
You have supernaturally acute eyesight. (SInv)
You cover ground quickly. (Speed+)
You are covered in thick fur. (AC +2)
Your paws help you pounce on unaware monsters.
You are incapable of wielding weapons or throwing items.
You cannot wear armour.
You gain extra lives every three experience levels.


Message History

Jeremiah zaps a wand.
The roots erupt in riotous growth!
The butterfly is unaffected.
Jeremiah is unaffected.
The grasping roots grab you!
The butterfly is unaffected. x2; The grasping roots constrict you.
You closely miss the butterfly.
The butterfly disappears in a burst of colours!
Jeremiah mumbles a slurred invocation.
Something smites you! The grasping roots constrict you!
Unknown command.
You escape the roots grasp.
It was a potion of curing.
You feel better.
The butterfly disappears in a burst of colours!
You claw Jeremiah!
Jeremiah is severely wounded.
Jeremiah zaps a wand.
The roots erupt in riotous growth!
The grasping roots grab you!
The butterfly is unaffected.
Jeremiah is unaffected.
The butterfly is unaffected.
The grasping roots constrict you!
You scratch Jeremiah but do no damage.
Jeremiah is severely wounded.
The butterfly disappears in a burst of colours!
You closely miss Jeremiah.
Jeremiah is severely wounded.
The butterfly disappears in a burst of colours! x3
Jeremiah closely misses you. The grasping roots constrict you!
* * * LOW HITPOINT WARNING * * *
You feel better. Jeremiah misses you. The grasping roots constrict you!
* * * LOW HITPOINT WARNING * * *
You feel better.
The butterfly disappears in a burst of colours!
The grasping roots release their grip on you.
You claw Jeremiah!
Jeremiah is severely wounded.
The butterfly disappears in a burst of colours!
Jeremiah zaps a wand.
The roots erupt in riotous growth!
The grasping roots grab you!
The butterfly is unaffected.
Jeremiah is unaffected.
The butterfly is unaffected.
The grasping roots constrict you!
You die...
Jeremiah asks, "Is it over?
Can I wake up now?"

#...#########....#..#
#####.#................#######
...#####.########....#.....[.##
...#...#.# ##....#######..#
>....⌠...#######.....# #.##
...#...#......##.b...# #####.####
...##########.....b..###.....#...
#####.....###.bb#.####...).###...
#.........#b.bFh.b..............
#..........b.##b.b..............
##.............(....b.)..########
.........###.....b#.####.#######
............b.#......#.........#
#...........####..#.>..........#
...........##.....#........b...#
...#.#.........................#
.#...#.#.......................#


You could see Jeremiah.

Vanquished Creatures
  Maggie (D:6)
  Prince Ribbit (D:5)
  Eustachio (D:4)
  An ice beast (D:6)
  An ogre (D:5)
  A centaur (D:6)
  A bullfrog (D:5)
  2 scorpions (D:6)
  A howler monkey (D:6)
  2 hounds
  2 iguanas
  2 orc priests (D:5)
  14 gnolls
  5 adders
  A white imp (D:5)
  3 dart slugs
  13 orcs
  7 bats
  5 endoplasms
  5 giant cockroaches
  4 goblins
  9 hobgoblins
  4 jackals
  6 quokkas
  7 ball pythons
  2 frilled lizards (D:3)
  7 kobolds
  4 rats
112 creatures vanquished.

Notes
Turn   | Place    | Note
-------+----------+-------------------------------------------
     0 | D:1      | avis the Felid Shapeshifter began the quest for the Orb.
     0 | D:1      | Reached XP level 1. HP: 9/9 MP: 2/2
    36 | D:1      | Reached skill level 1 in Stealth
   106 | D:1      | Reached XP level 2. HP: 12/12 MP: 3/3
  1020 | D:1      | Reached XP level 3. HP: 10/15 MP: 4/4
  1264 | D:1      | Reached XP level 4. HP: 7/19 MP: 5/5
  1875 | D:2      | Found a blossoming altar of Fedhas.
  2254 | D:3      | Found a broken altar of Ashenzari.
  2307 | D:3      | Reached XP level 5. HP: 23/23 MP: 6/6
  2773 | D:3      | Found an ancient bone altar of Kikubaaqudgha.
  2908 | D:3      | Found Uwyiff's Antique Weapon Shop.
  3964 | D:5      | Entered Level 5 of the Dungeon
  3971 | D:5      | Reached skill level 5 in Unarmed Combat
  3971 | D:5      | Gained mutation: You are covered in thick fur. (AC +2)
                  | [Felid growth]
  3971 | D:5      | Reached XP level 6. HP: 7/28 MP: 7/7
  4075 | D:5      | Found a sparkling altar of Nemelex Xobeh.
  4207 | D:5      | Noticed Eustachio
  4235 | D:4      | Killed Eustachio
  4243 | D:4      | Reached skill level 5 in Shapeshifting
  4475 | D:5      | Found a transporter.
  4475 | D:5      | Noticed Prince Ribbit
  4484 | D:5      | Slain by Prince Ribbit
  4498 | D:5      | Killed Prince Ribbit
  4499 | D:5      | Reached skill level 5 in Dodging
  4499 | D:5      | Reached XP level 7. HP: 13/31 MP: 8/8
  4625 | D:5      | Found a transporter.
  4630 | D:5      | Noticed Sundig's ghost (amateur DgFi)
  5497 | D:6      | Reached XP level 8. HP: 34/34 MP: 9/9
  5607 | D:6      | Noticed Maggie
  5622 | D:6      | Killed from afar by Maggie
  5646 | D:6      | Killed Maggie
  5647 | D:6      | Reached skill level 5 in Stealth
  5819 | D:6      | Found a staircase to the Ecumenical Temple.
  5828 | Temple   | Entered the Ecumenical Temple
  6108 | D:7      | Noticed Jeremiah
  6114 | D:6      | HP: 1/34 [constriction (8)]
  6115 | D:6      | Constricted to death by Jeremiah
  6158 | D:6      | Constricted to death by Jeremiah

Illustrated notes

Levels and vault maps discovered:
D:1:      onia_arrival_pentagram, layout_loops_ring, hangedman_decor_push
D:2:      layout_loops_ring, basic_altar, serial_bayou_lake_a
D:3:      layout_rooms, kiku_gazebo_garden_becter, nicolae_ashenzari_skybound,
          serial_shops, shop
D:4:      minmay_wonky_spiral, layout_loops_cross, kennysheep_generic_room_12
D:5:      layout_gridville, general_overflow_altar, gammafunk_ghost_mausoleum,
          uniq_eustachio, uniq_prince_ribbit1
D:6:      layout_rooms, minmay_temple_entry_antechambers,
          chequers_serial_rivers_micro_b, grunt_decor_cap,
          hangedman_decor_slide_cut, uniq_maggie
D:7:      layout_loops_ring, nicolae_overflow_hidden_temple, minitemple,
          nicolae_ossuary_entry_ruins, st_stairs_4, grunt_ministairs_11,
          uniq_jeremiah
Temple:   nicolae_temple_great_sept

Skill      XL: |  1  2  3  4  5  6  7  8 |
---------------+-------------------------+-----
Stealth        | 2 3 5 |  5.0
Dodging        | 4 5 6 7 |  7.0
Fighting       | 2 3 4 |  4.6
Unarmed Combat | 4 5 7 |  7.0
Shapeshifting  | 5 |  5.3

Action                     |  1- 3 |  4- 6 |  7- 9 || total
---------------------------+-------+-------+-------++-------
  Melee: Unarmed           |    60 |   181 |    85 ||   326
         Bite              |     8 |    16 |    11 ||    35
         Punch             |       |     3 |     3 ||     6
    Use: Potion            |       |     3 |     5 ||     8
   Stab: Sleeping          |     7 |     7 |     5 ||    19
 Armour: Skin              |    13 |    66 |    11 ||    90
  Dodge: Dodged            |    40 |   133 |    60 ||   233

Table legend: (Time is in decaauts)
 A = Elapsed time spent in this place.
 B = Non-inter-level travel time spent in this place.
 C = Inter-level travel time spent in this place.
 D = Time resting spent in this place.
 E = Time spent auto-exploring this place.
 F = Levels seen in this place.
 G = Mean time per level.
                   A        B        C        D        E       F      G
               +--------+--------+--------+--------+--------+-----+--------+
         Total |   5305 |   4700 |    605 |   1041 |   2166 |   8 |  663.1 |
       Dungeon |   5303 |   4698 |    605 |   1041 |   2166 |   7 |  757.6 |
        Temple |      1 |      1 |      0 |      0 |      0 |   1 |    1.0 |
               +--------+--------+--------+--------+--------+-----+--------+

Top non-repeatable levels by time:
     D:1: 1169 daAuts
     D:5: 1093 daAuts
     D:2: 960 daAuts
     D:4: 886 daAuts
     D:3: 616 daAuts
     D:6: 569 daAuts
     D:7: 7 daAuts
  Temple: 1 daAuts
